 Dungeon Crawl Stone Soup version 0.31-a0-164-g2312942fda (webtiles) character file.

Game seed: 11159561523089637868

2280 qw the Cleaver (level 9, 0/57 HPs)
             Began as a Gargoyle Fighter on June 13, 2023.
             Slain by a cyclops (9 damage)
             ... on level 7 of the Dungeon.
             The game lasted 00:02:55 (6316 turns).

qw the Cleaver (Gargoyle Fighter)                   Turns: 6316, Time: 00:02:55

Health: 0/57       AC: 19    Str: 23    XL:     9   Next: 39%
Magic:  9/9        EV: 15    Int: 10    God:
Gold:   375        SH:  4    Dex:  9    Spells: 8/8 levels left

rFire   + . .        Y - +0 war axe
rCold   + . .        c - +0 buckler
rNeg    + . .        p - +4 ring mail of the Playwright {Slay+2 SInv Stlth-}
rPois   inf          (no helmet)
rElec   +            g - scarf {rC+ rF+}
rCorr   .            k - +1 pair of gloves
SInv    +            m - +0 pair of boots
Will    .....        (no amulet) Stlth
                     r - +5 ring of evasion
HPRegen 0.29/turn    (no ring)
MPRegen 0.11/turn

%: no passive effects
@: no status effects
A: sickness immunity, AC +6, negative energy resistance 1, electricity
resistance, torment resistance 1, petrification resistance
a: no special abilities


You were on level 7 of the Dungeon.
You visited 1 branch of the dungeon, and saw 7 of its levels.

You collected 375 gold pieces.


Innate Abilities, Weirdness & Mutations

You are immune to sickness and miasma.
Your stone body is resilient. (AC +6)
You are immune to poison.
You resist negative energy. (rN+)
You are resistant to electric shocks. (rElec)
You are resistant to unholy torment.
You are immune to petrification.


   Skills:
 - Level 7.1 Fighting
 + Level 9.5 Axes
 - Level 1.7 Throwing
 - Level 3.2 Armour
 - Level 1.0 Dodging
 - Level 4.0 Shields


You had 8 spell levels left.
You didn't know any spells.
Your spell library was empty.

Inventory:

Hand Weapons
 o - a +5 morningstar
 Y - a +0 war axe (weapon)
Armour
 c - a +0 buckler (worn)
 e - a +0 plate armour
 g - a scarf of resistance (worn)
 k - a +1 pair of gloves (worn)
 m - a +0 pair of boots (worn)
 p - the +4 ring mail of the Playwright (worn) {Slay+2 SInv Stlth-}
   (You found it on level 4 of the Dungeon)

   Slay:      It affects your accuracy & damage with ranged weapons and melee
   (+2).
   SInv:      It lets you see invisible.
   Stlth:     It makes you less stealthy.
Jewellery
 r - a +5 ring of evasion (left hand)
Scrolls
 a - 4 scrolls of identify
Potions
 b - a potion of magic
 d - 2 potions of might
 f - 5 potions of mutation
 h - 2 potions of curing
 i - a potion of haste
 j - a potion of cancellation
 l - 2 potions of lignification

Dungeon Overview and Level Annotations

Branches:
Dungeon (7/15)
 Temple: D:4-7

Altars:
Fedhas
Gozag
Kikubaaqudgha
Makhleb
Nemelex Xobeh
Uskayaw
Xom
Yredelemnul
Zin

Shops:
D:1 :   D:6 [

Annotations:
D:4 3 runed translucent doors, qw's ghost, amateur GrHu


Message History

You barely miss the cyclops. The cyclops hits you!
You barely miss the cyclops. The cyclops hits you!
You hit the cyclops.
The cyclops is lightly wounded.
The cyclops misses you.
You hit the cyclops but do no damage.
The cyclops is lightly wounded.
You hit the cyclops but do no damage.
The cyclops is lightly wounded.
The cyclops barely misses you.
You hit the cyclops.
The cyclops is lightly wounded.
The cyclops closely misses you.
You hit the cyclops.
The cyclops is lightly wounded.
The cyclops hits you but does no damage.
You slash the cyclops!
The cyclops is moderately wounded.
A white imp comes into view.
You barely miss the cyclops.
The cyclops is moderately wounded.
The white imp shouts, "Crawl home, thou pecksniffian boil-brained tiler!"
The cyclops closely misses you.
You hit the cyclops but do no damage.
The cyclops is moderately wounded.
The cyclops closely misses you.
You slash the cyclops!
The cyclops is heavily wounded.
The cyclops hits you but does no damage.
You hit the cyclops but do no damage.
The cyclops is heavily wounded.
You slash the cyclops!
The cyclops is severely wounded.
The cyclops hits you but does no damage.
You slash the cyclops!
The cyclops is almost dead.
The cyclops hits you!
You die...

..#.77
..os#..77#7~777#..
..)..7 ..
oKS#......~P~....
..#77...# ..
lh#..77#~~~P~#..
..# # .# l#..7
#7~77~#.. ..#
.'#####'..7
7777~#.. ..#
..........7 7~#..
..# ...5f.....7
~7#.. ..#


7777C777777 P #.. ..# 7@7 7 #.. #######.###### .. ....((%......7 #####.
7..7777.7..77.7 #..... 7.77..7 #..... 7.7 7..7 #..... 7.7 7..7 #...>.
#######.######### #..... ................# #..... You could see a cyclops, a
sleepcap and a white imp.

Vanquished Creatures
  A basilisk (D:7)
  An orc warrior (D:6)
  An ice beast (D:5)
  A black bear (D:4)
  2 centaurs (D:6)
  2 ogres (D:6)
  2 kobold brigands (D:7)
  A phantom (D:5)
  A bullfrog (D:7)
  A gnoll sergeant (D:5)
  3 scorpions
  5 wights
  A howler monkey (D:6)
  2 jellies
  4 hounds
  3 orc priests
  Ijyb (D:5)
  4 iguanas
  5 orc wizards
  6 gnolls
  5 adders
  A white imp (D:5)
  An ufetubus (D:7)
  2 worms
  A dart slug (D:3)
  19 orcs
  7 endoplasms
  5 giant cockroaches
  4 goblins
  A hobgoblin (D:4)
  13 kobolds
  2 quokkas
  5 ball pythons
  5 bats
  6 frilled lizards
  5 rats
129 creatures vanquished.

Notes
Turn   | Place    | Note
-------+----------+-------------------------------------------
     0 | D:1      | qw the Gargoyle Fighter began the quest for the Orb.
     0 | D:1      | Reached XP level 1. HP: 14/14 MP: 1/1
     0 | D:1      | 0 ||| qw: Version: 0.2-a-29-gc1b59c4
     0 | D:1      | 0 ||| qw: Game counter: 4606
     0 | D:1      | 0 ||| qw: Always use a shield: true
     0 | D:1      | 0 ||| qw: God list: Okawaru
     0 | D:1      | 0 ||| qw: Allow faded altars: false
     0 | D:1      | 0 ||| qw: Do Orc after D:15 true
     0 | D:1      | 0 ||| qw: Do second Lair branch before Depths: true
     0 | D:1      | 0 ||| qw: Lair rune preference: random
     0 | D:1      | 0 ||| qw: Plans: Normal, Zot:1-4, Slime:5, God:TSO, Crypt,
                  | Tomb, Abyss, Pan, Hells, Win
     0 | D:1      | 0 ||| PLANNING D:1-11
    28 | D:1      | Reached skill level 2 in Axes
    51 | D:1      | Found Exkoukanno's Book Shop.
   127 | D:1      | Reached XP level 2. HP: 19/19 MP: 2/2
   473 | D:1      | 473 ||| Stepping ~*~*~tactically~*~*~ (hiding).
   474 | D:1      | 474 ||| Stepping ~*~*~tactically~*~*~ (hiding).
   500 | D:1      | Reached skill level 3 in Axes
   831 | D:1      | 831 ||| UPGRADING to +0 chain mail.
   841 | D:1      | 841 ||| DROPPING +0 scale mail.
   842 | D:1      | 842 ||| UPGRADING to +0 pair of gloves.
   847 | D:1      | 847 ||| UPGRADING to +0 pair of boots.
   852 | D:1      | 852 ||| READING 3 scrolls labelled WEEQOF ISCHAGUH.
   853 | D:1      | 853 ||| READING scroll labelled JOCA PILLAR.
   858 | D:1      | 858 ||| READING scroll labelled RIHOARPH ZENTET.
   859 | D:1      | 859 ||| READING scroll labelled QEUREUHIOT.
   860 | D:1      | 860 ||| READING scroll labelled RICROGHYOV.
   861 | D:1      | 861 ||| DRINKING 2 blue potions.
   862 | D:1      | 862 ||| READING 2 scrolls of identify.
   862 | D:1      | 862 ||| IDENTIFYING red potion
   896 | D:2      | 896 ||| Stepping ~*~*~tactically~*~*~ (hiding).
   897 | D:2      | 897 ||| Stepping ~*~*~tactically~*~*~ (hiding).
   906 | D:2      | Reached XP level 3. HP: 20/23 MP: 3/3
   950 | D:2      | 950 ||| READING scroll of enchant armour.
   950 | D:2      | 950 ||| ENCHANTING +0 pair of gloves.
  1061 | D:2      | Identified the +1 robe "Rasoycia" {*Corrode rN+ Stlth+}
  1880 | D:2      | 1880 ||| READING scroll labelled UFUAGHESYR.
  1881 | D:2      | 1881 ||| READING scroll labelled ULOCRE NICH.
  1882 | D:2      | 1882 ||| READING 3 scrolls of identify.
  1882 | D:2      | 1882 ||| IDENTIFYING white potion
  1883 | D:2      | 1883 ||| READING 2 scrolls of identify.
  1883 | D:2      | 1883 ||| IDENTIFYING bubbling silvery potion
  1884 | D:2      | 1884 ||| DROPPING potion of brilliance.
  1921 | D:3      | 1921 ||| Stepping ~*~*~tactically~*~*~ (stealth).
  1972 | D:3      | Reached XP level 4. HP: 27/28 MP: 4/4
  2024 | D:3      | Reached skill level 4 in Axes
  2133 | D:3      | 2133 ||| DROPPING +0 whip.
  2172 | D:3      | 2172 ||| Stepping ~*~*~tactically~*~*~ (stealth).
  2468 | D:3      | Found a burning altar of Makhleb.
  2736 | D:3      | Found an opulent altar of Gozag.
  2736 | D:3      | Found a glowing silver altar of Zin.
  2803 | D:3      | 2803 ||| DROPPING ring of flight.
  2908 | D:4      | Noticed a black bear
  2918 | D:4      | Killed a black bear
  2919 | D:4      | Reached skill level 5 in Axes
  2919 | D:4      | Reached XP level 5. HP: 17/32 MP: 5/5
  2958 | D:4      | 2958 ||| FLEEEEING.
  2959 | D:4      | 2959 ||| FLEEEEING.
  2960 | D:4      | 2960 ||| FLEEEEING.
  3052 | D:4      | Identified the +4 ring mail of the Playwright {Slay+2 SInv
                  | Stlth-}
  3155 | D:4      | Reached XP level 6. HP: 34/38 MP: 6/6
  3160 | D:4      | 3160 ||| Stepping ~*~*~tactically~*~*~ (hiding).
  3161 | D:4      | 3161 ||| Stepping ~*~*~tactically~*~*~ (stealth).
  3162 | D:4      | 3162 ||| Stepping ~*~*~tactically~*~*~ (hiding).
  3287 | D:4      | Found a runed translucent gate.
  3288 | D:4      | Found a runed translucent gate.
  3288 | D:4      | Noticed qw's ghost (amateur GrHu)
  3289 | D:4      | Found a runed translucent gate.
  3290 | D:4      | Identified the +2 chain mail "Ewkusm" {-Tele Str-2 Int+4
                  | Dex+8}
  3291 | D:4      | Noticed an orc warrior
  3769 | D:4      | 3769 ||| UPGRADING to +4 ring mail of the Playwright
                  | {Slay+2 SInv Stlth-}.
  3779 | D:4      | 3779 ||| DROPPING +0 chain mail.
  3780 | D:4      | 3780 ||| DROPPING ring of wizardry.
  3781 | D:4      | 3781 ||| READING scroll labelled SEAHE KOSUCK.
  3782 | D:4      | 3782 ||| DRINKING 2 green potions.
  3783 | D:4      | 3783 ||| DRINKING 2 fuming orange potions.
  3828 | D:5      | Entered Level 5 of the Dungeon
  3836 | D:5      | 3836 ||| Stepping ~*~*~tactically~*~*~ (stealth).
  3838 | D:5      | 3838 ||| Stepping ~*~*~tactically~*~*~ (hiding).
  3840 | D:5      | Found a hide-covered altar of Uskayaw.
  3992 | D:5      | Noticed an ice beast
  4001 | D:5      | Reached skill level 1 in Dodging
  4007 | D:5      | Killed an ice beast
  4008 | D:5      | Reached skill level 6 in Axes
  4008 | D:5      | Reached XP level 7. HP: 43/43 MP: 7/7
  4229 | D:5      | Identified the +0 dagger of Maminge {heavy, Dex+2}
  4332 | D:5      | Reached skill level 7 in Axes
  4333 | D:5      | Noticed Ijyb
  4359 | D:5      | Killed Ijyb
  4477 | D:5      | 4477 ||| Stepping ~*~*~tactically~*~*~ (hiding).
  4478 | D:5      | 4478 ||| Stepping ~*~*~tactically~*~*~ (hiding).
  4585 | D:5      | Found a sparkling altar of Nemelex Xobeh.
  4589 | D:5      | Found a blossoming altar of Fedhas.
  4595 | D:5      | Found a shimmering altar of Xom.
  4598 | D:5      | Found an ancient bone altar of Kikubaaqudgha.
  4600 | D:5      | Found a basalt altar of Yredelemnul.
  4676 | D:5      | Reached skill level 1 in Throwing
  4712 | D:5      | 4712 ||| UPGRADING to +5 ring of evasion.
  4713 | D:5      | 4713 ||| READING scroll labelled WORASYI JONO.
  4714 | D:5      | 4714 ||| READING scroll labelled ZUARAL HOXTUO.
  4815 | D:5      | 4815 ||| READING scroll labelled CYTOES ZEUQIE.
  4816 | D:5      | 4816 ||| READING 5 scrolls of identify.
  4816 | D:5      | 4816 ||| IDENTIFYING fuming cyan potion
  4817 | D:5      | 4817 ||| READING 4 scrolls of identify.
  4817 | D:5      | 4817 ||| IDENTIFYING brown potion
  4818 | D:5      | 4818 ||| DROPPING potion of enlightenment.
  4840 | D:6      | HP: 11/44 [orc warrior/+0 war axe (6)]
  4841 | D:6      | 4841 ||| READING 2 scrolls of teleportation.
  4842 | D:6      | 4842 ||| DRINKING 2 potions of heal wounds.
  4845 | D:6      | Reached XP level 8. HP: 26/50 MP: 8/8
  5141 | D:6      | Reached skill level 8 in Axes
  5149 | D:6      | Reached skill level 6 in Fighting
  5250 | D:6      | 5250 ||| DROPPING +0 flail.
  5395 | D:6      | 5395 ||| Stepping ~*~*~tactically~*~*~ (hiding).
  5397 | D:6      | 5397 ||| Stepping ~*~*~tactically~*~*~ (hiding).
  5439 | D:6      | Reached skill level 9 in Axes
  5439 | D:6      | Reached XP level 9. HP: 55/55 MP: 9/9
  5461 | D:6      | Found Helabr Ybael's Armour Shop.
  5771 | D:6      | 5771 ||| UPGRADING to scarf of resistance.
  5776 | D:6      | 5776 ||| READING 5 scrolls of identify.
  5776 | D:6      | 5776 ||| IDENTIFYING coppery potion
  5954 | D:7      | Noticed a cyclops
  5954 | D:7      | Noticed a brown ugly thing
  5956 | D:7      | Noticed a two-headed ogre
  5966 | D:7      | HP: 14/56 [acid (7)]
  5967 | D:7      | 5967 ||| READING 2 scrolls of teleportation.
  5968 | D:7      | 5968 ||| DRINKING potion of heal wounds.
  5990 | D:7      | HP: 13/56 [kobold brigand/+0 dagger (4)]
  5991 | D:7      | 5991 ||| READING scroll of teleportation.
  6158 | D:7      | 6158 ||| Stepping ~*~*~tactically~*~*~ (hiding).
  6292 | D:7      | 6292 ||| Stepping ~*~*~tactically~*~*~ (hiding).
  6304 | D:7      | HP: 6/57 [cyclops (15)]
  6316 | D:7      | Slain by a cyclops

Levels and vault maps discovered:
D:1:      scummos_arrival_forest, layout_basic, serial_shops, shop,
          minmay_octomino_c4
D:2:      layout_basic, uniq_crazy_yiuf_cottage
D:3:      layout_basic, grunt_temple_overflow_gold_and_silver, bloody_makhleb
D:4:      layout_basic, biasface_ghost_orc_armoury
D:5:      layout_cave_pools, nicolae_overflow_hallway_of_the_gods,
          kennysheep_generic_room_6, uniq_ijyb
D:6:      layout_cave_pods, serial_shops, nicolae_shop_tiny_statue_garden,
          minmay_misc_feat_doors
D:7:      nzn_winding_woodlands_cross [nzn_winding_woodlands_5x15_garden,
          nzn_winding_woodlands_5x15_jagged,
          nzn_winding_woodlands_5x15_lazy_stream,
          nzn_winding_woodlands_5x15_pockets,
          nzn_winding_woodlands_15x15_killbox], layout_basic,
          minmay_temple_entry_overgrown

Skill      XL: |  1  2  3  4  5  6  7  8  9 |
---------------+----------------------------+-----
Axes           | 2 3 5 6 7 9 |  9.5
Fighting       | 4 5 6 7 |  7.1
Dodging        | 1 |  1.0
Throwing       | 1 |  1.7
Shields        | 4 |  4.0
Armour         | |  3.2

Action                     |  1- 3 |  4- 6 |  7- 9 || total
---------------------------+-------+-------+-------++-------
  Melee: War axe           |    73 |   143 |   237 ||   453
  Throw: Boomerang         |       |       |     2 ||     2
         Javelin           |       |       |     2 ||     2
    Use: Scroll            |    11 |     1 |     9 ||    21
         Potion            |     1 |     2 |     2 ||     5
 Armour: Scale mail        |    19 |       |       ||    19
         Chain mail        |    11 |    68 |       ||    79
         Ring mail         |       |     8 |   105 ||   113
  Dodge: Dodged            |    16 |    56 |   150 ||   222
  Block: Buckler           |    12 |    24 |    32 ||    68

Table legend:
 A = Non-vault XP
 B = Vault XP
 C = Vault XP percentage of total XP
 D = Non-vault monster count
 E = Vault monster count
 F = Vault count percentage of total count
                 A         B        C        D         E       F
            +---------+---------+-------+---------+---------+-------
      Total |    2538 |     720 |  22.1 |     112 |      17 |  13.2
            +---------+---------+-------+---------+---------+-------
        D:1 |      25 |       8 |  24.2 |      17 |       6 |  26.1
        D:2 |      12 |       0 |   0.0 |       6 |       0 |   0.0
        D:3 |     101 |       0 |   0.0 |      18 |       0 |   0.0
        D:4 |     350 |       0 |   0.0 |      19 |       0 |   0.0
        D:5 |     472 |     134 |  22.1 |      17 |       3 |  15.0
        D:6 |    1394 |       0 |   0.0 |      31 |       0 |   0.0
        D:7 |     184 |     578 |  75.9 |       4 |       8 |  66.7
            +---------+---------+-------+---------+---------+-------
